 Dungeon Crawl Stone Soup version 0.28.0-45-g0d030f2227 (webtiles) character file.

Game seed: 663752321417272123

138 manifold the Ruffian (level 5, -4/48 HPs)
             Began as a Troll Warper on Apr 27, 2022.
             Was an Initiate of Okawaru.
             Slain by a +0 quarterstaff of speed (12 damage)
             ... created by the rancor of the Wu Jian Council
             ... on level 2 of the Dungeon.
             The game lasted 00:03:57 (1704 turns).

manifold the Ruffian (Troll Warper)                 Turns: 1704, Time: 00:03:58

Health: -4/48      AC: -4    Str: 21    XL:     5   Next: 1%
Magic:  5/5        EV:  9    Int:  9    God:    Okawaru [......]
Gold:   63         SH:  0    Dex:  9    Spells: 6/6 levels left

rFire   . . .      SeeInvis .     - Unarmed
rCold   . . .      Faith    .   (no shield)
rNeg    . . .      Spirit   .   b - +0 robe
rPois   .          Reflect  .   (helmet restricted)
rElec   .          Harm     .   (no cloak)
rCorr   .          Rampage  .   (gloves unavailable)
Will    .....                   (boots unavailable)
Stlth   +.........              (no amulet)
HPRegen 0.96/turn               (no ring)
MPRegen 0.09/turn               (no ring)

@: corroded
A: large, unfitting armour, claws 3, regeneration 1, shaggy fur 1, tough skin 1
a: Renounce Religion


You were on level 2 of the Dungeon.
You worshipped Okawaru.
Okawaru was noncommittal.
You visited 1 branch of the dungeon, and saw 3 of its levels.

You collected 63 gold pieces.

Inventory:

Missiles
 d - 5 boomerangs of dispersal (quivered)
Armour
 b - a +0 robe (worn)
Wands
 e - a wand of iceblast (11)
Scrolls
 c - a scroll of blinking
 h - 3 scrolls of identify {unknown}
 j - a scroll of teleportation {unknown}
Potions
 a - 2 potions of curing {unknown}
 f - a potion of magic {unknown}
 g - a potion of brilliance {unknown}
 i - a potion of heal wounds {unknown}


   Skills:
 - Level 1.5 Fighting
 - Level 1.7 Maces & Flails
 - Level 0.8 Throwing
 - Level 1.9 Dodging
 + Level 4.7 Unarmed Combat
 - Level 1.2 Spellcasting
 - Level 2.1 Translocations


You had 6 spell levels left.
You didn't know any spells.
Your spell library contained the following spells:

 Spells                   Type           Power      Damage    Failure   Level
 Blink                    Tloc           8%         N/A       22%         2
 Gell's Gravitas          Tloc           4%         N/A       41%         3
 Lesser Beckoning         Tloc           4%         N/A       41%         3
 Teleport Other           Tloc           4%         N/A       41%         3
 Static Discharge         Conj/Air       0%         N/A       50%         2
 Manifold Assault         Tloc           4%         N/A       99%         5
 Lightning Bolt           Conj/Air       0%         1d11      100%        5
 Maxwell's Capacitive Co  Air            0%         ∞         100%        8


Dungeon Overview and Level Annotations

Branches:
Dungeon (3/15)

Altars:
Okawaru
Wu Jian


Innate Abilities, Weirdness & Mutations

You are too large for most types of armour.
You have claws for hands.
Your natural rate of healing is unusually fast.
You are covered in fur. (AC +1)
You have tough skin. (AC +1)


Message History

You scratch the ball python.
The ball python is moderately wounded.
The ball python barely misses you.
You scratch the ball python.
The ball python is severely wounded.
The ball python bites you.
The ball python bites you but does no damage.
You barely miss the ball python.
The ball python is severely wounded.
The ball python barely misses you.
You scratch the ball python.
You kill the ball python!
Okawaru accepts your kill.
No target in view!
A goblin comes into view. It is wielding a +0 dagger.
The goblin shouts!
The goblin moves out of view.
A goblin is nearby!
Sifu Xiang Ba says: Suffer, mortal!
The rancor of the Wu Jian Council corrodes you! 5 dancing weapons come into view.
There is a +1 broad axe of electrocution.
There is a +3 great sword of freezing.
There is a +0 quarterstaff of speed.
There is a +3 broad axe of electrocution.
There is a +2 great sword of electrocution.
You claw the +2 great sword of electrocution!
You destroy the +2 great sword of electrocution!
That felt strangely unrewarding.
The goblin hits you with a +0 dagger.
You scratch the +0 quarterstaff of speed.
The +0 quarterstaff of speed is heavily damaged.
The goblin hits you with a +0 dagger.
You scratch the +0 quarterstaff of speed but do no damage.
The +0 quarterstaff of speed is heavily damaged.
The +0 quarterstaff of speed hits you. The goblin hits you with a +0 dagger.
You scratch the +0 quarterstaff of speed but do no damage.
The +0 quarterstaff of speed is heavily damaged.
The +0 quarterstaff of speed hits you!
The +3 broad axe of electrocution hits you!
* * * LOW HITPOINT WARNING * * *
The goblin hits you with a +0 dagger.
* * * LOW HITPOINT WARNING * * *
The +0 quarterstaff of speed hits you!
You die...

###########
#.........#####
+.....((......#
#....g@(......#
+....###(......#
###. #.......##
...........########
....................
.###........########
+......†.....#..
#.#..:....†.##.#.#
#.#.######+#..##.#.#


You could see 4 dancing weapons and a goblin.

Vanquished Creatures
  A dancing weapon (D:2)
  A hound (D:3)
  5 adders
  4 worms
  3 dart slugs (D:1)
  2 orcs (D:3)
  An endoplasm (D:1)
  5 giant cockroaches
  5 goblins
  2 hobgoblins
  2 kobolds
  5 ball pythons
  7 bats
  2 frilled lizards
  3 rats
48 creatures vanquished.

Notes
Turn   | Place    | Note
-------+----------+-------------------------------------------
     0 | D:1      | manifold the Troll Warper began the quest for the Orb.
     0 | D:1      | Reached XP level 1. HP: 19/19 MP: 1/1
    39 | D:1      | Reached skill level 1 in Unarmed Combat
    87 | D:1      | Found a faded altar of an unknown god.
    99 | D:1      | Prayed at the altar of an unknown god.
    99 | D:1      | Became a worshipper of the Wu Jian Council
    99 | D:1      | Reached * piety under Wu Jian
   277 | D:1      | Reached XP level 2. HP: 27/27 MP: 2/2
   397 | D:1      | Reached skill level 2 in Unarmed Combat
   492 | D:1      | Reached XP level 3. HP: 33/33 MP: 3/3
   714 | D:2      | Reached skill level 3 in Unarmed Combat
   765 | D:2      | Found an iron altar of Okawaru.
   770 | D:2      | You fall into a shaft and drop 1 floor!
   912 | D:3      | Reached XP level 4. HP: 38/41 MP: 4/4
   927 | D:3      | Reached skill level 4 in Unarmed Combat
  1272 | D:3      | Reached ** piety under Wu Jian
  1432 | D:2      | Fell from the grace of Wu Jian
  1432 | D:2      | Became a worshipper of Warmaster Okawaru
  1681 | D:2      | Reached XP level 5. HP: 45/48 MP: 5/5
  1701 | D:2      | Noticed a +1 broad axe of electrocution
  1701 | D:2      | Noticed a +3 great sword of freezing
  1701 | D:2      | Noticed a +0 quarterstaff of speed
  1701 | D:2      | Noticed a +3 broad axe of electrocution
  1701 | D:2      | Noticed a +2 great sword of electrocution
  1701 | D:2      | Killed a +2 great sword of electrocution
  1704 | D:2      | Slain by a +0 quarterstaff of speed

Illustrated notes

Levels and vault maps discovered:
D:1:      lightli_arrival_flooded_house, layout_basic,
          ebering_ecumenical_altar_box, minmay_misc_feat_iff
D:2:      layout_basic, basic_altar, grunt_decor_one_mirror,
          lexackson_kobold_supper
D:3:      layout_basic

Skill      XL: |  1  2  3  4 |
---------------+-------------+-----
Unarmed Combat | 1 2 3 4 |  4.7
Fighting       | |  1.5
Maces & Flails | |  1.7
Throwing       | |  0.8
Dodging        | |  1.9
Spellcasting   | |  1.2
Translocations | |  2.1

Action                   |  1- 3 |  4- 6 || total
-------------------------+-------+-------++-------
Melee: Unarmed           |    99 |    68 ||   167
       Punch             |     2 |       ||     2
Invok: Whirlwind         |     7 |       ||     7
       Lunge             |     8 |     8 ||    16
 Stab: Sleeping          |     2 |       ||     2
Armor: Robe              |    45 |    17 ||    62
Dodge: Dodged            |    58 |    25 ||    83
